 Dungeon Sprint DCSS version 0.20.1-1-g8b1a95d (webtiles) character file.

11800000 Mitsuki the Intangible (level 27, -1/298 HPs)
             Began as a Deep Dwarf Warper on Sept 26, 2017.
             Was the Champion of Makhleb.
             Slain by a wretched soul (3 damage)
             ... in the Dungeon (Sprint VIII: "Arena of Blood").
             The game lasted 00:07:24 (118 turns).

Mitsuki the Intangible (Deep Dwarf Warper)           Turns: 118, Time: 00:07:25

Health: -1/298     AC:  6    Str: 25    XL:     27
Magic:  33/54      EV: 27    Int: 17    God:    Makhleb [******]
Gold:   0          SH:  0    Dex: 12    Spells: 80/80 levels left

rFire    . . .     SeeInvis .   l - +∞ Axe of Woe
rCold    . . .     Gourm    .   (shield currently unavailable)
rNeg     + . .     Faith    .   b - +0 leather armour
rPois    .         Spirit   .   (no helmet)
rElec    .         Reflect  .   (no cloak)
rCorr    .         Harm     .   (no gloves)
MR       ++++.     NoTele   +   (no boots)
Stlth    +++++++++.             (no amulet)
Regen    0.0/turn               (no ring)
MPRegen  0.4/turn               (no ring)

@: non-regenerating, drained
A: damage resistance, heal wounds, negative energy resistance 1, sense
surroundings 3, no regeneration
a: Heal Wounds, Minor Destruction, Lesser Servant of Makhleb, Major Destruction,
Greater Servant of Makhleb, Renounce Religion


You were in the Dungeon.
You worshipped Makhleb.
Makhleb was exalted by your worship.
You were not hungry.

You visited 1 branch

Inventory:

Hand Weapons
 a - a +0 mace
 l - the +∞ Axe of Woe (weapon)
   (You found it in the Dungeon)
Missiles
 e - 5 tomahawks of dispersal (quivered)
Armour
 b - a +0 leather armour (worn)
Scrolls
 d - 2 scrolls of blinking
Potions
 g - a potion of curing
 h - a potion of heal wounds
 i - a potion of haste
 j - 2 potions of magic
 k - a potion of berserk rage
Books
 c - a book of Spatial Translocations

   Spells                             Type                      Level
   a - Blink                          Translocation                2
   b - Shroud of Golubria             Charms/Translocation         2
   c - Lesser Beckoning               Translocation                3
   d - Gell's Gravitas                Translocation                3
   e - Teleport Other                 Translocation                3
   f - Passage of Golubria            Translocation                4
Comestibles
 f - a bread ration


   Skills:
 O Level 27(26.2) Fighting
 O Level 27(26.2) Axes
 O Level 27(26.2) Maces & Flails
 O Level 27(26.2) Throwing
 O Level 27(26.2) Armour
 O Level 27(26.2) Dodging
 O Level 27(26.2) Stealth
 O Level 27(26.2) Unarmed Combat
 O Level 27(26.2) Spellcasting
   Level 3.2(2.8) Translocations
 O Level 27(26.2) Invocations


You had 80 spell levels left.
You didn't know any spells.

Dungeon Overview and Level Annotations

Branches:
Dungeon (1/1)

Altars:
Makhleb


Innate Abilities, Weirdness & Mutations

You are resistant to damage.
You can heal yourself by infusing magical energy.
You resist negative energy. (rN+)
You passively map a large area around you.
You do not regenerate.


Message History

You hear a shout! x2
The dread throws damnation at you.
The sphere of damnation explodes!
The damnation engulfs you!
* * * LOW HITPOINT WARNING * * *
You hear a shout! x2
Unknown command.
A bag of meat comes into view. It is wielding a +9 war axe.
The bag of meat shouts!
You hear a shout!
The tyrant casts a spell.
The dread hits you but does no damage.
You hear a shout!
The bag of meat moves out of view.
The eight-headed meat hydra calls on the powers of darkness!
The eight-headed meat hydra convulses!
The bag of meat convulses! x2
You feel a surge of unholy energy.
You hear a shout! x3
The eight-headed meat hydra calls on the powers of darkness!
The eight-headed meat hydra convulses!
You feel a surge of unholy energy. Something hits you.
You die...

#################
#....%.)§.%)@{oo##
.....D.§)§)).W.DXWW#* ,
.....##§##2#####XL.. * *
,........§.Xoo....WXX,,,
* ,
**##.....##§##2X.....X,
......X§)§).OX...... *
.......))#.#.L2....* ,
....%..))ooX..L..###* ,
, .......Xxoo)o....... ,


You could see a tentacled monstrosity, a meat beast (wandering), a tyrant, 2
eight-headed meat hydras, 5 large abominations, 4 dreads and 2 bags of meat.

Vanquished Creatures
  6 hell beasts (D)
  Edmund (D)
  4 greater mummies (D)
  A great orb of eyes (D)
  3 wraiths (D)
  11 vampire knights (D)
  36 ogres (D)
  7 two-headed ogres (D)
  3 liches (D)
  A hydra (D)
  73 orcs (D)
  A phantom (D)
  3 skeletal warriors (D)
  4 small abominations (D)
  9 large abominations (D)
  2 crawling corpses (D)
165 creatures vanquished.

Vanquished Creatures (others)
  A hydra (D)
  4 crawling corpses (D)
5 creatures vanquished.

Grand Total: 170 creatures vanquished

Notes
Turn   | Place    | Note
-------+----------+-------------------------------------------
     0 | D        | Mitsuki the Deep Dwarf Warper began the quest for the Orb.
     0 | D        | Reached XP level 1. HP: 19/19 MP: 3/3
     3 | D        | Noticed a bag of meat
     3 | D        | Noticed a bag of meat
     4 | D        | Noticed a bag of meat
     4 | D        | Became a worshipper of Makhleb the Destroyer
     5 | D        | Noticed a bag of meat
     5 | D        | Killed a bag of meat
     5 | D        | Reached XP level 2. HP: 46/46 MP: 3/14
     5 | D        | Reached XP level 3. HP: 54/54 MP: 3/16
     5 | D        | Reached XP level 4. HP: 62/62 MP: 3/17
     5 | D        | Reached XP level 5. HP: 69/69 MP: 3/19
     5 | D        | Reached XP level 6. HP: 78/78 MP: 3/20
     5 | D        | Reached XP level 7. HP: 85/85 MP: 3/22
     5 | D        | Reached XP level 8. HP: 93/93 MP: 3/23
     5 | D        | Gained mutation: You passively map the area around you. [Deep Dwarf growth]
     5 | D        | Reached XP level 9. HP: 99/99 MP: 3/24
     5 | D        | Reached XP level 10. HP: 108/108 MP: 3/25
     5 | D        | Reached XP level 11. HP: 115/115 MP: 3/26
     6 | D        | Noticed a meat berserker
     7 | D        | Noticed a bag of meat
     7 | D        | Noticed a meat berserker
     7 | D        | Killed a meat berserker
     7 | D        | Reached * piety under Makhleb
     7 | D        | Reached skill level 15 in Fighting
     7 | D        | Reached XP level 12. HP: 75/132 MP: 3/30
     7 | D        | Reached XP level 13. HP: 79/139 MP: 3/31
     8 | D        | Noticed a bag of meat
     8 | D        | Noticed a meat berserker
     8 | D        | Killed a bag of meat
     8 | D        | Reached skill level 15 in Spellcasting
     8 | D        | Gained mutation: You resist negative energy. (rN+) [Deep Dwarf growth]
     8 | D        | Reached XP level 14. HP: 80/151 MP: 3/33
     8 | D        | Killed a bag of meat
     9 | D        | Noticed a bag of meat
     9 | D        | Noticed a bag of meat
     9 | D        | Killed a bag of meat
     9 | D        | Reached ** piety under Makhleb
     9 | D        | Reached XP level 15. HP: 163/163 MP: 4/35
    10 | D        | Noticed a meat berserker
    10 | D        | Killed a meat berserker
    11 | D        | Noticed a meat berserker
    11 | D        | Noticed a meat berserker
    11 | D        | Reached XP level 16. HP: 177/177 MP: 4/38
    11 | D        | Killed a meat berserker
    11 | D        | Reached *** piety under Makhleb
    11 | D        | Reached XP level 17. HP: 192/192 MP: 4/41
    12 | D        | Killed a meat berserker
    13 | D        | Noticed a meat berserker
    14 | D        | Killed a meat berserker
    14 | D        | Reached **** piety under Makhleb
    14 | D        | Reached skill level 27 in Armour
    14 | D        | Reached skill level 27 in Dodging
    14 | D        | Gained mutation: You passively map a large area around you. [Deep Dwarf growth]
    14 | D        | Reached XP level 18. HP: 207/207 MP: 5/44
    14 | D        | Killed a meat berserker
    14 | D        | Reached skill level 27 in Maces & Flails
    16 | D        | Killed a meat berserker
    16 | D        | Reached skill level 27 in Fighting
    16 | D        | Reached skill level 27 in Spellcasting
    16 | D        | Reached XP level 19. HP: 226/226 MP: 6/50
    16 | D        | Reached ***** piety under Makhleb
    18 | D        | Noticed a meat berserker
    18 | D        | Noticed a meat berserker
    18 | D        | Noticed a meat berserker
    18 | D        | Noticed a meat berserker
    19 | D        | Noticed a destroyer
    19 | D        | Noticed a destroyer
    20 | D        | Reached skill level 27 in Stealth
    20 | D        | Reached skill level 27 in Invocations
    20 | D        | Reached skill level 5 in Unarmed Combat
    20 | D        | Reached XP level 20. HP: 236/236 MP: 7/51
    20 | D        | Noticed a large bag of meat
    21 | D        | Noticed a destroyer
    21 | D        | Killed a meat berserker
    21 | D        | Killed a destroyer
    21 | D        | Reached skill level 27 in Unarmed Combat
    21 | D        | Reached XP level 21. HP: 244/244 MP: 8/52
    22 | D        | Noticed a large bag of meat
    23 | D        | Killed a destroyer
    23 | D        | Reached ****** piety under Makhleb
    23 | D        | Reached skill level 27 in Throwing
    23 | D        | Reached XP level 22. HP: 229/254 MP: 8/53
    24 | D        | Reached skill level 27 in Axes
    25 | D        | Reached XP level 23. HP: 262/262 MP: 9/54
    26 | D        | Noticed a large bag of meat
    26 | D        | Noticed a large bag of meat
    26 | D        | Killed a destroyer
    29 | D        | Reached XP level 24. HP: 272/272 MP: 10/54
    30 | D        | Killed a large bag of meat
    31 | D        | Noticed a destroyer
    31 | D        | Killed a large bag of meat
    31 | D        | Reached XP level 25. HP: 280/280 MP: 10/54
    34 | D        | Noticed a large bag of meat
    35 | D        | Noticed a large bag of meat
    35 | D        | Killed a large bag of meat
    37 | D        | Killed a destroyer
    37 | D        | Reached XP level 26. HP: 290/290 MP: 12/54
    38 | D        | Killed a large bag of meat
    39 | D        | Noticed a destroyer
    40 | D        | Noticed a destroyer
    41 | D        | Killed a destroyer
    41 | D        | Reached XP level 27. HP: 182/298 MP: 13/54
    42 | D        | Killed a large bag of meat
    44 | D        | Noticed an accursed
    44 | D        | Noticed a destroyer
    46 | D        | Noticed a destroyer
    47 | D        | Killed a destroyer
    48 | D        | Noticed a destroyer
    49 | D        | Noticed a tyrant
    50 | D        | Killed a destroyer
    51 | D        | Killed a destroyer
    52 | D        | Noticed an accursed
    58 | D        | Killed a large bag of meat
    59 | D        | Noticed an accursed
    60 | D        | Noticed a dread
    64 | D        | Noticed a destroyer
    65 | D        | Noticed a dread
    66 | D        | Noticed a destroyer
    67 | D        | Killed a destroyer
    68 | D        | Noticed a tyrant
    68 | D        | Killed an accursed
    70 | D        | Noticed a large bag of meat
    70 | D        | Noticed a dread
    70 | D        | Killed a destroyer
    71 | D        | Noticed a meat beast
    73 | D        | Noticed a tyrant
    76 | D        | Killed a meat beast
    77 | D        | Noticed a meat beast
    78 | D        | Killed a dread
    80 | D        | Killed a meat beast
    82 | D        | Noticed a meat beast
    82 | D        | Killed a meat beast
    83 | D        | Noticed a large bag of meat
    85 | D        | Killed an accursed
    87 | D        | Noticed a meat beast
    87 | D        | Killed a destroyer
    90 | D        | Killed an accursed
    94 | D        | Killed a dread
    95 | D        | Killed a tyrant
    97 | D        | Killed a meat beast
    98 | D        | Noticed an accursed
    99 | D        | Noticed The Defiler
   100 | D        | Killed a large bag of meat
   101 | D        | Noticed a tyrant
   102 | D        | Noticed a meat beast
   103 | D        | Noticed a meat beast
   103 | D        | Killed an accursed
   104 | D        | Killed a dread
   105 | D        | Noticed a tyrant
   107 | D        | Killed The Defiler
   107 | D        | Killed a tyrant
   108 | D        | Noticed a meat beast
   110 | D        | Noticed a dread
   113 | D        | Noticed a dread
   113 | D        | Killed a meat beast
   116 | D        | Noticed a tyrant
   116 | D        | Killed a meat beast
   117 | D        | Noticed a dread
   117 | D        | Killed a tyrant
   117 | D        | HP: 2/298 [dread/damnation (33)]
   118 | D        | Slain by a wretched soul

Skill      XL: |  1  2  3  4  5  6  7  8  9 10 11 12 13 14 15 16 17 18 19 20 21 22 |
---------------+-------------------------------------------------------------------+-----
Fighting       | 12 15 16 18 20 21 24 27 | 27.0
Maces & Flails | 13 16 17 19 21 23 25 27 | 27.0
Armour         | 14 17 18 20 23 25 27 | 27.0
Dodging        | 14 17 19 20 23 25 27 | 27.0
Spellcasting   | 11 14 15 16 18 20 22 27 | 27.0
Stealth        | 11 27 | 27.0
Invocations    | 11 27 | 27.0
Unarmed Combat | 5 27 | 27.0
Throwing       | 8 27 | 27.0
Axes           | 19 27 | 27.0
Translocations | |  3.2

Action                   |  1- 3 |  4- 6 |  7- 9 | 10-12 | 13-15 | 16-18 | 19-21 | 22-24 | 25-27 || total
-------------------------+-------+-------+-------+-------+-------+-------+-------+-------+-------++-------
Melee: Executioner's axe |     1 |       |       |     1 |     4 |     4 |     4 |     7 |    67 ||    88
Armor: Leather armour    |       |       |       |       |       |       |       |       |     3 ||     3
Dodge: Dodged            |       |       |       |       |       |       |       |       |     2 ||     2
